 Dungeon Crawl Stone Soup version 0.29.0-4-gdea44cf6ec (webtiles) character file.

Game seed: 17036397417114434728

3645 qw the Grappler (level 9, -1/88 HPs)
             Began as a Troll Cinder Acolyte on Sept 1, 2022.
             Was a Priest of Ignis.
             Slain by Joseph
             ... wielding a +0 quarterstaff
              (15 damage)
             ... on level 8 of the Dungeon.
             The game lasted 00:04:11 (6630 turns).

qw the Grappler (Troll Cinder Acolyte)              Turns: 6630, Time: 00:04:11

Health: -1/88      AC: 13    Str: 34    XL:     9   Next: 88%
Magic:  0/9        EV:  9    Int: 10    God:    Ignis [***...]
Gold:   632        SH:  0    Dex:  5    Spells: 10/10 levels left

rFire   + . .      SeeInvis .     - Unarmed
rCold   . . .      Faith    .   (no shield)
rNeg    . . .      Spirit   +   a - +0 robe
rPois   .          Reflect  .   (helmet restricted)
rElec   .          Harm     .   c - +1 cloak
rCorr   .          Rampage  .   (gloves unavailable)
Will    .....                   (boots unavailable)
Stlth   +.........              h - amulet of guardian spirit
HPRegen 1.04/turn               l - +4 ring of slaying {mikee}
MPRegen 0.11/turn               n - +6 ring of strength

@: about to teleport, fiery-armoured
A: large, unfitting armour, claws 3, regeneration 1, shaggy fur 1, tough skin 1
a: Renounce Religion, Fiery Armour, Foxfire Swarm, Rising Flame


You were on level 8 of the Dungeon.
You worshipped Ignis.
Ignis was most pleased with you.
You visited 1 branch of the dungeon, and saw 8 of its levels.
You also visited: Sewer.

You collected 632 gold pieces.


Innate Abilities, Weirdness & Mutations

You are too large for most types of armour.
You have claws for hands.
Your natural rate of healing is unusually fast.
You are covered in fur. (AC +1)
You have tough skin. (AC +1)


   Skills:
 - Level 5.0 Fighting
 - Level 2.5 Throwing
 + Level 0.0 Armour
 - Level 1.0 Dodging
 - Level 13.0 Unarmed Combat
 - Level 1.0 Spellcasting
 - Level 2.1 Fire Magic


You had 10 spell levels left.
You didn't know any spells.
Your spell library contained the following spells:

 Spells                   Type           Power      Damage    Failure   Level
 Scorch                   Fire           8%         2d5       22%         2

Inventory:

Missiles
 m - 3 silver boomerangs (quivered)
Armour
 a - a +0 robe (worn)
 c - a +1 cloak (worn)
Jewellery
 h - an amulet of guardian spirit (around neck)
 j - a ring of fire
 l - a +4 ring of slaying (left claw) {mikee}
 n - a +6 ring of strength (right claw)
Scrolls
 d - 2 scrolls of identify
 f - a scroll of enchant weapon {unknown}
 p - a scroll of blinking {unknown}
Potions
 b - 4 potions of curing
 e - 3 potions of mutation
 i - a potion of resistance
 k - 3 potions of might
 q - a potion of haste

Dungeon Overview and Level Annotations

Branches:
Dungeon (8/15)             Temple (0/1) D:4           Sewer (visited)
   Lair: D:8-11

Altars:
Trog
Uskayaw
Yredelemnul
The Shining One

Shops:
D:2 (

Annotations:
D:2 1 runed translucent door, Crazy Yiuf
D:7 2 transporters, qw's ghost, novice TrCA
D:8 Joseph


Message History

Joseph shoots a sling bullet.
The sling bullet hits you!
Joseph unwields a +0 sling.
Joseph wields a +0 quarterstaff.
Joseph barely misses you.
You see here a scroll of identify.
You scratch Joseph.
Joseph is lightly wounded.
You closely miss Joseph.
Joseph is lightly wounded.
Joseph hits you with a +0 quarterstaff!
You barely miss Joseph.
Joseph is lightly wounded.
Joseph says, "I'm here to kill trespassers.
I like my job."
Joseph barely misses you.
You scratch Joseph but do no damage.
Joseph is lightly wounded.
Joseph drinks a potion.
Joseph seems to grow stronger.
You mangle Joseph!!
Joseph is heavily wounded.
You claw Joseph! Your claw misses Joseph.
Joseph is severely wounded.
Joseph hits you with a +0 quarterstaff!
You closely miss Joseph.
Joseph is severely wounded.
Joseph hits you with a +0 quarterstaff!!
6627 ||| INVOKING Fiery Armour.
A protective cloak of flame settles atop you.
Joseph hits you with a +0 quarterstaff!!
6628 ||| READING scroll of teleportation.
As you read the scroll of teleportation, it crumbles to dust.
You feel strangely unstable. Joseph hits you but does no damage.
Joseph is burned by your cloak of flames.
Joseph is severely wounded.
6629 ||| DRINKING potion of heal wounds.
You feel much better.
Joseph hits you with a +0 quarterstaff!!
You scratch Joseph.
Joseph is severely wounded.
Joseph hits you with a +0 quarterstaff!
You die...

.....#..##########
...<.#...........#
.....#.####......#
.....#.# #......# #
.....#.# ##)....# .#
.....#.# #.....# .#
.....#.#######'###
.. .....#....#
#..##.# ..#+#####.#
##.@@.#
.......##.#.....>###
..#.##.##.#.######
....##.##.#
.#####....# .#
###### ##


You could see Joseph (strong).

Vanquished Creatures
  Pikel (D:8)
  Prince Ribbit (D:7)
  Sigmund (D:3)
  Eustachio (D:4)
  3 water moccasins
  An orc warrior (D:7)
  A sky beast (D:7)
  A black bear (D:5)
  2 ice beasts
  2 centaurs
  3 phantoms (D:4)
  A lemure (D:8)
  A necrophage (D:6)
  5 scorpions
  3 bullfrogs
  4 howler monkeys
  3 jellies
  2 hounds
  4 orc priests
  Terence (D:2)
  4 orc wizards
  Ijyb (D:4)
  An iguana (D:5)
  Robin (D:4)
  3 gnolls
  3 river rats (Sewer)
  16 adders
  A white imp (D:8)
  2 ufetubi
  A worm (D:3)
  4 dart slugs
  19 orcs
  11 endoplasms
  8 giant cockroaches
  12 hobgoblins
  8 quokkas
  15 ball pythons
  2 bats
  4 frilled lizards
  15 goblins
  10 kobolds
  25 rats
207 creatures vanquished.

Vanquished Creatures (others)
  An orc wizard (D:6)
  2 plants (D:6)
3 creatures vanquished.

Grand Total: 210 creatures vanquished

Notes
Turn   | Place    | Note
-------+----------+-------------------------------------------
     0 | D:1      | qw the Troll Cinder Acolyte began the quest for the Orb.
     0 | D:1      | Reached XP level 1. HP: 22/22 MP: 1/1
     0 | D:1      | 0 ||| qw: Version: 0.1-a-97-g2dd2ca4
     0 | D:1      | 0 ||| qw: Game counter: 4851
     0 | D:1      | 0 ||| qw: Always use a shield: true
     0 | D:1      | 0 ||| qw: God list: Okawaru
     0 | D:1      | 0 ||| qw: Allow faded altars: false
     0 | D:1      | 0 ||| qw: Do Orc after D:15 true
     0 | D:1      | 0 ||| qw: Do second Lair branch before Depths: true
     0 | D:1      | 0 ||| qw: Lair rune preference: random
     0 | D:1      | 0 ||| qw: Plans: Normal
     0 | D:1      | 0 ||| PLANNING D:1-11
    93 | D:1      | Reached XP level 2. HP: 29/29 MP: 2/2
   137 | D:1      | Found a faded altar of an unknown god.
   269 | D:1      | 269 ||| Stepping ~*~*~tactically~*~*~ (stealth).
   283 | D:1      | You fall into a shaft and drop 1 floor!
   326 | D:2      | Identified the +0 chain mail of Purpose {Str+3}
   350 | D:2      | 350 ||| READING 3 scrolls labelled FUSUEB FACAZ.
   351 | D:2      | 351 ||| READING 2 scrolls labelled CENOUC XAERCH.
   352 | D:2      | 352 ||| READING 2 scrolls of identify.
   352 | D:2      | 352 ||| IDENTIFYING coppery potion
   353 | D:2      | 353 ||| DROPPING scroll of magic mapping.
   369 | D:2      | Reached skill level 4 in Unarmed Combat
   873 | D:1      | 873 ||| READING scroll labelled DIV TON JYACHI.
   878 | D:1      | 878 ||| READING 2 scrolls of identify.
   878 | D:1      | 878 ||| IDENTIFYING metallic red potion
   879 | D:1      | 879 ||| DROPPING potion of degeneration.
   943 | D:2      | Found Datsudom's Weapon Emporium.
  1006 | D:2      | Reached XP level 3. HP: 36/36 MP: 3/3
  1092 | D:2      | 1092 ||| INVOKING Fiery Armour.
  1132 | D:2      | 1132 ||| Stepping ~*~*~tactically~*~*~ (stealth).
  1133 | D:2      | 1133 ||| Stepping ~*~*~tactically~*~*~ (stealth).
  1363 | D:2      | Noticed Terence
  1370 | D:2      | Killed Terence
  1371 | D:2      | Reached skill level 5 in Unarmed Combat
  1371 | D:2      | Reached XP level 4. HP: 24/44 MP: 4/4
  1556 | D:2      | Found a runed translucent door.
  1557 | D:2      | Noticed Crazy Yiuf
  1638 | D:2      | 1638 ||| UPGRADING to +1 cloak.
  1643 | D:2      | 1643 ||| UPGRADING to amulet of guardian spirit.
  1648 | D:2      | 1648 ||| READING scroll labelled KANNEM DAEHIZY.
  1649 | D:2      | 1649 ||| READING 2 scrolls of identify.
  1649 | D:2      | 1649 ||| IDENTIFYING metallic orange potion
  1671 | D:3      | 1671 ||| STAIRDANCE
  1712 | D:3      | 1712 ||| STAIRDANCE
  1760 | D:3      | 1760 ||| Stepping ~*~*~tactically~*~*~ (stealth).
  1761 | D:3      | 1761 ||| Stepping ~*~*~tactically~*~*~ (stealth).
  1763 | D:3      | 1763 ||| Stepping ~*~*~tactically~*~*~ (stealth).
  1828 | D:3      | 1828 ||| Stepping ~*~*~tactically~*~*~ (stealth).
  1830 | D:3      | 1830 ||| Stepping ~*~*~tactically~*~*~ (stealth).
  2083 | D:3      | Noticed Sigmund
  2092 | D:3      | Killed Sigmund
  2093 | D:3      | Reached skill level 6 in Unarmed Combat
  2093 | D:3      | Reached XP level 5. HP: 43/50 MP: 2/5
  2093 | D:3      | Reached XP level 6. HP: 51/59 MP: 2/6
  2200 | D:3      | 2200 ||| Stepping ~*~*~tactically~*~*~ (stealth).
  2261 | D:3      | 2261 ||| Stepping ~*~*~tactically~*~*~ (stealth).
  2280 | D:3      | 2280 ||| Stepping ~*~*~tactically~*~*~ (outnumbered).
  2295 | D:3      | Reached skill level 7 in Unarmed Combat
  2331 | D:3      | 2331 ||| Stepping ~*~*~tactically~*~*~ (outnumbered).
  2750 | D:3      | 2750 ||| DROPPING ring of wizardry.
  2751 | D:3      | 2751 ||| UPGRADING to +4 ring of slaying {mikee}.
  2752 | D:3      | 2752 ||| READING scroll labelled UCEIDI WOYN.
  2753 | D:3      | 2753 ||| DRINKING 2 ruby potions.
  2754 | D:3      | 2754 ||| READING 2 scrolls of identify.
  2754 | D:3      | 2754 ||| IDENTIFYING amethyst potion
  2755 | D:3      | 2755 ||| DROPPING potion of attraction.
  2756 | D:3      | 2756 ||| READING scroll of teleportation.
  2775 | D:4      | Found a staircase to the Ecumenical Temple.
  2776 | D:4      | 2776 ||| PLANNING SEWER
  2823 | D:4      | Noticed Eustachio
  2828 | D:4      | 2828 ||| Stepping ~*~*~tactically~*~*~ (outnumbered).
  2842 | D:4      | 2842 ||| Stepping ~*~*~tactically~*~*~ (hiding).
  2843 | D:4      | 2843 ||| Stepping ~*~*~tactically~*~*~ (hiding).
  2844 | D:4      | 2844 ||| Stepping ~*~*~tactically~*~*~ (outnumbered).
  2845 | D:4      | 2845 ||| Stepping ~*~*~tactically~*~*~ (outnumbered).
  2850 | D:4      | 2850 ||| Stepping ~*~*~tactically~*~*~ (outnumbered).
  2851 | D:4      | 2851 ||| Stepping ~*~*~tactically~*~*~ (outnumbered).
  2892 | D:4      | 2892 ||| Stepping ~*~*~tactically~*~*~ (stealth).
  2897 | D:4      | 2897 ||| Stepping ~*~*~tactically~*~*~ (stealth).
  2899 | D:4      | 2899 ||| Stepping ~*~*~tactically~*~*~ (stealth).
  2901 | D:4      | 2901 ||| Stepping ~*~*~tactically~*~*~ (stealth).
  2903 | D:4      | 2903 ||| Stepping ~*~*~tactically~*~*~ (hiding).
  3032 | D:4      | 3032 ||| Stepping ~*~*~tactically~*~*~ (stealth).
  3089 | D:4      | Reached skill level 8 in Unarmed Combat
  3089 | D:4      | Reached XP level 7. HP: 63/66 MP: 5/7
  3195 | D:4      | Identified the +0 helmet "Kykhiry" {Will+ Str+4 SInv
                  | Stlth-}
  3195 | D:4      | Noticed Robin
  3196 | D:4      | 3196 ||| Stepping ~*~*~tactically~*~*~ (stealth).
  3198 | D:4      | 3198 ||| Stepping ~*~*~tactically~*~*~ (hiding).
  3200 | D:4      | 3200 ||| INVOKING Fiery Armour.
  3205 | D:4      | 3205 ||| Stepping ~*~*~tactically~*~*~ (outnumbered).
  3207 | D:4      | 3207 ||| Stepping ~*~*~tactically~*~*~ (outnumbered).
  3208 | D:4      | 3208 ||| Stepping ~*~*~tactically~*~*~ (outnumbered).
  3212 | D:4      | 3212 ||| Stepping ~*~*~tactically~*~*~ (outnumbered).
  3222 | D:4      | Killed Robin
  3224 | D:4      | 3224 ||| Stepping ~*~*~tactically~*~*~ (outnumbered).
  3228 | D:4      | 3228 ||| Stepping ~*~*~tactically~*~*~ (outnumbered).
  3229 | D:4      | 3229 ||| Stepping ~*~*~tactically~*~*~ (outnumbered).
  3230 | D:4      | 3230 ||| Stepping ~*~*~tactically~*~*~ (outnumbered).
  3317 | D:4      | Noticed Ijyb
  3318 | D:4      | 3318 ||| Stepping ~*~*~tactically~*~*~ (hiding).
  3321 | D:4      | Paralysed by Ijyb for 4 turns
  3326 | D:4      | Killed Ijyb
  3327 | D:4      | Reached skill level 3 in Fighting
  3328 | D:4      | 3328 ||| Stepping ~*~*~tactically~*~*~ (stealth).
  3398 | D:4      | Killed Eustachio
  3405 | D:4      | Found a glowing drain.
  3406 | D:4      | 3406 ||| READING scroll labelled COHUUPP RAOMM.
  3435 | D:4      | 3435 ||| READING scroll labelled EZUNGO TIDUA.
  3436 | D:4      | 3436 ||| READING 3 scrolls of identify.
  3436 | D:4      | 3436 ||| IDENTIFYING purple potion
  3443 | Sewer    | Entered a sewer
  3557 | Sewer    | Reached skill level 9 in Unarmed Combat
  3668 | Sewer    | 3668 ||| Stepping ~*~*~tactically~*~*~ (outnumbered).
  3675 | Sewer    | Reached skill level 1 in Dodging
  3689 | Sewer    | 3689 ||| Stepping ~*~*~tactically~*~*~ (outnumbered).
  3690 | Sewer    | 3690 ||| Stepping ~*~*~tactically~*~*~ (outnumbered).
  3691 | Sewer    | 3691 ||| Stepping ~*~*~tactically~*~*~ (outnumbered).
  3692 | Sewer    | 3692 ||| Stepping ~*~*~tactically~*~*~ (outnumbered).
  3693 | Sewer    | 3693 ||| Stepping ~*~*~tactically~*~*~ (outnumbered).
  3694 | Sewer    | 3694 ||| Stepping ~*~*~tactically~*~*~ (outnumbered).
  3696 | Sewer    | 3696 ||| Stepping ~*~*~tactically~*~*~ (outnumbered).
  3697 | Sewer    | 3697 ||| Stepping ~*~*~tactically~*~*~ (outnumbered).
  3747 | Sewer    | 3747 ||| Stepping ~*~*~tactically~*~*~ (stealth).
  3765 | Sewer    | Reached XP level 8. HP: 74/75 MP: 6/8
  3805 | Sewer    | 3805 ||| READING scroll labelled HOSOLIPIEG.
  3806 | Sewer    | 3806 ||| READING scroll labelled KAUCSE YH BEZ.
  3807 | Sewer    | 3807 ||| READING scroll labelled BAQASY QEI.
  3808 | Sewer    | 3808 ||| DRINKING 3 metallic sapphire potions.
  3809 | Sewer    | 3809 ||| DRINKING 3 red potions.
  3810 | Sewer    | 3810 ||| READING 2 scrolls of identify.
  3810 | Sewer    | 3810 ||| IDENTIFYING clear potion
  3811 | Sewer    | 3811 ||| DROPPING 2 potions of invisibility.
  3815 | D:4      | 3815 ||| PLANNING D:1-11
  3820 | D:4      | 3820 ||| Stepping ~*~*~tactically~*~*~ (stealth).
  4164 | D:5      | Entered Level 5 of the Dungeon
  4191 | D:5      | 4191 ||| Stepping ~*~*~tactically~*~*~ (outnumbered).
  4221 | D:5      | Reached skill level 10 in Unarmed Combat
  4222 | D:5      | 4222 ||| Stepping ~*~*~tactically~*~*~ (stealth).
  4233 | D:5      | 4233 ||| Stepping ~*~*~tactically~*~*~ (stealth).
  4359 | D:5      | 4359 ||| Stepping ~*~*~tactically~*~*~ (stealth).
  4361 | D:5      | 4361 ||| Stepping ~*~*~tactically~*~*~ (stealth).
  4795 | D:5      | 4795 ||| UPGRADING to ring of willpower.
  4897 | D:6      | Reached skill level 1 in Throwing
  4937 | D:6      | 4937 ||| Stepping ~*~*~tactically~*~*~ (stealth).
  5204 | D:6      | 5204 ||| Stepping ~*~*~tactically~*~*~ (hiding).
  5205 | D:6      | 5205 ||| Stepping ~*~*~tactically~*~*~ (hiding).
  5207 | D:6      | 5207 ||| Stepping ~*~*~tactically~*~*~ (hiding).
  5208 | D:6      | 5208 ||| Stepping ~*~*~tactically~*~*~ (hiding).
  5209 | D:6      | 5209 ||| Stepping ~*~*~tactically~*~*~ (hiding).
  5210 | D:6      | 5210 ||| Stepping ~*~*~tactically~*~*~ (hiding).
  5211 | D:6      | 5211 ||| INVOKING Fiery Armour.
  5212 | D:6      | 5212 ||| Stepping ~*~*~tactically~*~*~ (outnumbered).
  5214 | D:6      | 5214 ||| Stepping ~*~*~tactically~*~*~ (outnumbered).
  5221 | D:6      | 5221 ||| Stepping ~*~*~tactically~*~*~ (hiding).
  5222 | D:6      | 5222 ||| FLEEEEING.
  5224 | D:6      | 5224 ||| Stepping ~*~*~tactically~*~*~ (hiding).
  5230 | D:6      | 5230 ||| Stepping ~*~*~tactically~*~*~ (hiding).
  5232 | D:6      | 5232 ||| STAIRDANCE
  5245 | D:6      | 5245 ||| Stepping ~*~*~tactically~*~*~ (hiding).
  5249 | D:6      | Reached skill level 11 in Unarmed Combat
  5254 | D:6      | 5254 ||| FLEEEEING.
  5255 | D:6      | 5255 ||| STAIRDANCE
  5363 | D:6      | Found a hide-covered altar of Uskayaw.
  5488 | D:7      | 5488 ||| INVOKING Fiery Armour.
  5492 | D:7      | Reached XP level 9. HP: 85/85 MP: 9/9
  5639 | D:7      | Noticed Prince Ribbit
  5647 | D:7      | Killed Prince Ribbit
  5673 | D:7      | Found a basalt altar of Yredelemnul.
  5678 | D:7      | 5678 ||| READING scroll labelled DINUUR XECUM.
  5679 | D:7      | 5679 ||| READING scroll of teleportation.
  5691 | D:7      | 5691 ||| INVOKING Fiery Armour.
  5747 | D:7      | 5747 ||| Stepping ~*~*~tactically~*~*~ (outnumbered).
  5750 | D:7      | 5750 ||| Stepping ~*~*~tactically~*~*~ (outnumbered).
  5799 | D:7      | Found a transporter.
  5803 | D:7      | Noticed a moth of wrath
  5807 | D:7      | Noticed qw's ghost (novice TrCA)
  5808 | D:7      | Found a bloodstained altar of Trog.
  5816 | D:7      | Found a transporter.
  5933 | D:7      | Reached skill level 12 in Unarmed Combat
  6112 | D:7      | Found a glowing golden altar of the Shining One.
  6342 | D:7      | 6342 ||| UPGRADING to +6 ring of strength.
  6344 | D:7      | 6344 ||| DROPPING ring of willpower.
  6395 | D:8      | 6395 ||| Stepping ~*~*~tactically~*~*~ (stealth).
  6405 | D:8      | Noticed Pikel
  6412 | D:8      | Killed Pikel
  6439 | D:8      | 6439 ||| Stepping ~*~*~tactically~*~*~ (hiding).
  6443 | D:8      | Reached skill level 13 in Unarmed Combat
  6617 | D:8      | Noticed Joseph
  6627 | D:8      | 6627 ||| INVOKING Fiery Armour.
  6627 | D:8      | HP: 12/88 [Joseph/+0 quarterstaff (17)]
  6628 | D:8      | 6628 ||| READING scroll of teleportation.
  6629 | D:8      | 6629 ||| DRINKING potion of heal wounds.
  6630 | D:8      | Slain by Joseph

Levels and vault maps discovered:
D:1:      dpeg_arrival_erosion, layout_basic, nicolae_ecumenical_lake_church,
          grunt_decor_fettered, roderic_roman_lattice
D:2:      layout_loops_ring, serial_shops, shop, uniq_crazy_yiuf_cottage,
          uniq_terence
D:3:      layout_loops_corners, minmay_mini_jars, uniq_sigmund
D:4:      nicolae_BIG_FREAKIN_CUBE, layout_rooms,
          minmay_temple_entry_statues_fountains, gup_sewer_entry_pipe,
          grunt_decor_clamped, uniq_robin, uniq_eustachio, uniq_ijyb
D:5:      layout_cave_pools
D:6:      layout_rooms, mainiacjoe_overflow_tiny_flanked, serial_glass,
          glass_columns_a, glass_columns_b, glass_columns_a, glass_columns_a,
          glass_columns_b, serial_bayou_pond_d, grunt_ministairs_8,
          ebering_dispersal_statue_hall
D:7:      layout_cave_pods, kennysheep_mini, amcnicky_altar_gilded,
          gammafunk_ghost_wrathful_warriors, sigmund_army, uniq_prince_ribbit1
D:8:      layout_basic, uniq_erica, uniq_pikel, uniq_joseph

Skill      XL: |  1  2  3  4  5  6  7  8  9 |
---------------+----------------------------+-----
Unarmed Combat | 4 5 6 8 9 11 13 | 13.0
Fighting       | 3 4 5 |  5.0
Dodging        | 1 |  1.0
Throwing       | 1 2 |  2.5
Spellcasting   | |  1.0
Fire Magic     | |  2.1

Action                   |  1- 3 |  4- 6 |  7- 9 || total
-------------------------+-------+-------+-------++-------
Melee: Unarmed           |    78 |   128 |   277 ||   483
       Punch             |     1 |     4 |     9 ||    14
Throw: Boomerang         |       |       |    41 ||    41
Invok: Fiery Armour      |     1 |       |     5 ||     6
  Use: Scroll            |     5 |     5 |    10 ||    20
       Potion            |       |     1 |     3 ||     4
Armor: Robe              |    18 |    53 |    96 ||   167
Dodge: Dodged            |    26 |    58 |    96 ||   180

Table legend:
 A = Non-vault XP
 B = Vault XP
 C = Vault XP percentage of total XP
 D = Non-vault monster count
 E = Vault monster count
 F = Vault count percentage of total count
                 A         B        C        D         E       F
            +---------+---------+-------+---------+---------+-------
      Total |    3067 |    2141 |  41.1 |     119 |      88 |  42.5
            +---------+---------+-------+---------+---------+-------
        D:1 |      32 |       0 |   0.0 |      19 |       0 |   0.0
        D:2 |      39 |      38 |  49.4 |      17 |       1 |   5.6
        D:3 |      63 |     277 |  81.5 |      13 |      11 |  45.8
        D:4 |     432 |     272 |  38.6 |      22 |      19 |  46.3
        D:5 |     358 |       0 |   0.0 |      13 |       0 |   0.0
        D:6 |     714 |     214 |  23.1 |      14 |       6 |  30.0
        D:7 |    1117 |     323 |  22.4 |      15 |       6 |  28.6
        D:8 |     312 |     663 |  68.0 |       6 |       1 |  14.3
      Sewer |       0 |     354 | 100.0 |       0 |      44 | 100.0
            +---------+---------+-------+---------+---------+-------
